 Dungeon Crawl Stone Soup version 0.28-a0-1629-gf728b707aa (webtiles) character file.

Game seed: 17400331520496030108

287 issech the Cudgeller (level 6, 0/61 HPs)
             Began as a Troll Monk on Jan 25, 2022.
             Slain by a bullfrog (3 damage)
             ... in a sewer.
             The game lasted 00:07:16 (2104 turns).

issech the Cudgeller (Troll Monk)                   Turns: 2104, Time: 00:07:17

Health: 0/61       AC:  4    Str: 20    XL:     6   Next: 8%
Magic:  5/5        EV: 11    Int:  6    God:
Gold:   78         SH:  0    Dex: 14    Spells: 5/5 levels left

rFire   . . .      SeeInvis .   n - +3 dagger (drain)
rCold   . . .      Faith    .   (no shield)
rNeg    . . .      Spirit   .   b - +0 robe
rPois   .          Reflect  .   (helmet restricted)
rElec   .          Harm     .   (no cloak)
rCorr   .          Rampage  .   (gloves unavailable)
Will    .....                   (boots unavailable)
Stlth   ++........              (no amulet)
HPRegen 1.00/turn               (no ring)
MPRegen 0.09/turn               (no ring)

@: very slow
A: large, unfitting armour, claws 3, regeneration 1, shaggy fur 1, tough skin 1
a: no special abilities


You were in a sewer.
You visited 1 branch of the dungeon, and saw 3 of its levels.
You also visited: Sewer.

You collected 78 gold pieces.

Inventory:

Hand Weapons
 a - a +0 mace
 n - a +3 dagger of draining (weapon)
 o - a +1 vampiric short sword
Missiles
 e - 69 stones
 h - 18 arrows
 j - 5 boomerangs (quivered)
 k - 15 poisoned darts
 l - 19 bolts
Armour
 b - a +0 robe (worn)
Scrolls
 c - a scroll of teleportation
 d - a scroll of holy word {unknown}
 f - a scroll of enchant armour {unknown}
 i - a scroll of silence {unknown}
 m - a scroll of fog {unknown}
 p - a scroll of magic mapping {unknown}
 q - a scroll of identify {unknown}
Potions
 g - a potion of resistance {unknown}
 r - a potion of lignification {unknown}


   Skills:
 + Level 3.3 Fighting
 + Level 0.7 Short Blades
 + Level 4.3 Maces & Flails
 + Level 3.7 Dodging
 + Level 1.3 Stealth


You had 5 spell levels left.
You didn't know any spells.
Your spell library contained the following spells:

 Spells                   Type           Power      Damage    Failure   Level
 Summon Ice Beast         Ice/Summ       0%         N/A       99%         4
 Summon Mana Viper        Hex/Summ       0%         N/A       100%        5
 Monstrous Menagerie      Summ           0%         N/A       100%        7


Dungeon Overview and Level Annotations

Branches:
Dungeon (3/15)              Sewer (1/1)

Altars:


Innate Abilities, Weirdness & Mutations

You are too large for most types of armour.
You have claws for hands.
Your natural rate of healing is unusually fast.
You are covered in fur. (AC +1)
You have tough skin. (AC +1)


Message History

An adder comes into view.
The bullfrog misses you. The bullfrog closely misses you.
The adder hisses angrily.
You hit the bullfrog. You drain the bullfrog.
The bullfrog is moderately wounded.
The bullfrog hits you!
* * * LOW HITPOINT WARNING * * *
The bullfrog closely misses you. The bullfrog hits you.
* * * LOW HITPOINT WARNING * * *
The ball python bites you.
* * * LOW HITPOINT WARNING * * *
You hit the bullfrog. You drain the bullfrog.
The bullfrog is severely wounded.
The bullfrog hits you.
* * * LOW HITPOINT WARNING * * *
The quokka bites you.
* * * LOW HITPOINT WARNING * * *
The bullfrog hits you but does no damage.
The ball python barely misses you. The bullfrog barely misses you.
You closely miss the bullfrog.
The bullfrog is severely wounded.
The quokka bites you.
* * * LOW HITPOINT WARNING * * *
The bullfrog closely misses you. The quokka closely misses you.
The bullfrog closely misses you. The ball python barely misses you.
You closely miss the bullfrog.
The bullfrog is severely wounded.
The bullfrog misses you.
The quokka bites you but does no damage.
The bullfrog snags a nearby mosquito with its tongue.
The bullfrog barely misses you. The quokka closely misses you.
The ball python bites you.
* * * LOW HITPOINT WARNING * * *
The bullfrog closely misses you.
You barely miss the bullfrog.
The bullfrog is severely wounded.
The bullfrog closely misses you.
The quokka splashes around in the water.
The quokka misses you. The bullfrog hits you.
You die...

...............
≈≈BB≈≈≈B≈≈≈≈≈≈≈
≈≈≈≈≈≈≈≈≈≈≈≈≈≈≈≈
≈≈≈≈≈≈≈≈≈≈≈≈≈≈≈≈≈
...≈≈≈≈≈≈≈≈≈≈..≈≈≈
≈≈≈≈≈≈≈≈≈≈≈≈≈≈≈.≈≈
≈≈≈≈≈≈ll≈≈≈≈≈≈≈.≈≈
≈≈≈≈≈Sr@S≈≈≈≈≈≈≈≈≈
≈≈≈≈.≈rFF≈≈≈≈≈≈≈≈≈
≈≈≈≈=≈≈..≈≈≈≈≈≈≈≈≈
≈≈.[$?≈≈.†≈≈≈≈≈≈≈≈
≈.≈.$?≈.≈.≈≈≈≈≈≈≈≈
≈≈≈≈.≈≈≈..≈≈≈≈≈≈≈≈
≈≈≈≈≈≈≈≈≈∩≈≈≈≈#≈≈≈
≈≈≈≈≈≈≈≈≈≈≈≈≈## ≈≈
≈≈≈≈≈≈≈≈≈≈≈###


You could see 2 bullfrogs, an adder, 2 quokkas, 3 giant cockroaches, a ball
python and 2 frilled lizards.

Vanquished Creatures
  Sigmund (D:2)
  4 adders
  A river rat (D:3)
  5 worms
  A dart slug (D:2)
  2 bats (D:2)
  6 endoplasms
  2 giant cockroaches
  7 goblins
  9 hobgoblins
  4 jackals
  4 quokkas
  8 ball pythons
  3 frilled lizards
  8 kobolds
  9 rats
74 creatures vanquished.

Vanquished Creatures (others)
  A plant (D:1)
1 creature vanquished.

Grand Total: 75 creatures vanquished

Notes
Turn   | Place    | Note
-------+----------+-------------------------------------------
     0 | D:1      | issech the Troll Monk began the quest for the Orb.
     0 | D:1      | Reached XP level 1. HP: 22/22 MP: 0/0
   154 | D:1      | Reached XP level 2. HP: 27/29 MP: 1/1
   510 | D:1      | Reached skill level 3 in Maces & Flails
   758 | D:2      | Reached XP level 3. HP: 36/36 MP: 2/2
  1040 | D:2      | Noticed Sigmund
  1141 | D:1      | Reached XP level 4. HP: 38/44 MP: 3/3
  1219 | D:2      | Killed Sigmund
  1220 | D:2      | Reached skill level 4 in Maces & Flails
  1220 | D:2      | Reached XP level 5. HP: 53/53 MP: 4/4
  1921 | D:3      | Found a faded altar of an unknown god.
  2005 | D:3      | Reached XP level 6. HP: 50/61 MP: 5/5
  2058 | D:3      | Found a glowing drain.
  2070 | Sewer    | Entered a sewer
  2102 | Sewer    | HP: 3/61 [quokka (4)]
  2104 | Sewer    | Slain by a bullfrog

Illustrated notes

Levels and vault maps discovered:
D:1:      lightli_arrival_farm, layout_basic, minmay_misc_feat_doors
D:2:      layout_basic, minmay_tromino_mix6, uniq_sigmund
D:3:      layout_basic, lightli_sewer_entry_pipes,
          hellmonk_ecumenical_altar_prayer_group, minmay_shallow_snake_nest
Sewer:    sewer_frog_island_01

Skill      XL: |  1  2  3  4 |
---------------+-------------+-----
Maces & Flails | 3 4 |  4.3
Dodging        | 3 |  3.7
Fighting       | 3 |  3.3
Short Blades   | |  0.7
Stealth        | |  1.3

Action                   |  1- 3 |  4- 6 || total
-------------------------+-------+-------++-------
Melee: Mace              |    96 |       ||    96
       Dagger            |    26 |   103 ||   129
       Punch             |     1 |     4 ||     5
  Use: Scroll            |       |     1 ||     1
 Stab: Sleeping          |     2 |     1 ||     3
Armor: Robe              |    47 |    27 ||    74
Dodge: Dodged            |    67 |    83 ||   150

Table legend: (Time is in decaauts)
 A = Elapsed time spent in this place.
 B = Non-inter-level travel time spent in this place.
 C = Inter-level travel time spent in this place.
 D = Time resting spent in this place.
 E = Time spent auto-exploring this place.
 F = Levels seen in this place.
 G = Mean time per level.
                   A        B        C        D        E       F      G
               +--------+--------+--------+--------+--------+-----+--------+
         Total |   2177 |   2032 |    145 |     34 |   1078 |   4 |  544.2 |
       Dungeon |   2136 |   1991 |    145 |     34 |   1078 |   3 |  712.0 |
         Sewer |     41 |     41 |      0 |      0 |      0 |   1 |   41.0 |
               +--------+--------+--------+--------+--------+-----+--------+

Top non-repeatable levels by time:
     D:2: 1027 daAuts
     D:1: 822 daAuts
     D:3: 286 daAuts
   Sewer: 41 daAuts
